 Dungeon Crawl Stone Soup version 0.28-b1-25-g9875b3fc8c (webtiles) character file.

Game seed: 5024948039344768780

1852 buriedalive the Frost Mage (level 8, -7/41 HPs)
             Began as a Deep Elf Ice Elementalist on Feb 2, 2022.
             Was a Follower of Sif Muna.
             Mangled by Harold (18 damage)
             ... on level 7 of the Dungeon.
             The game lasted 00:16:02 (6734 turns).

buriedalive the Frost Mage (DEIE)                   Turns: 6734, Time: 00:16:03

Health: -7/41      AC:  8    Str:  5    XL:     8   Next: 88%
Magic:  12/14      EV: 19    Int: 26    God:    Sif Muna [*.....]
Gold:   314        SH:  0    Dex: 15    Spells: 2/13 levels left

rFire   . . .      SeeInvis .   i - +3 dagger (venom)
rCold   . . .      Faith    .   (no shield)
rNeg    . . .      Spirit   .   q - +3 leather armour "Ehiteevu" {Regen+ Int+3}
rPois   +          Reflect  .   (no helmet)
rElec   .          Harm     .   (no cloak)
rCorr   .          Rampage  .   j - +1 pair of gloves
Will    .....                   (no boots)
Stlth   ++........              (no amulet)
HPRegen 0.93/turn               u - +4 ring of evasion
MPRegen 0.14/turn               g - ring of poison resistance

@: marked, hasted, very quick
A: talons 1, noise suppression
a: Renounce Religion, Channel Magic


You were on level 7 of the Dungeon.
You worshipped Sif Muna.
Sif Muna was aware of your devotion.
You visited 2 branches of the dungeon, and saw 8 of its levels.
You also visited: Sewer.

You collected 314 gold pieces.

Inventory:

Hand Weapons
 d - a +0 dagger
 i - a +3 dagger of venom (weapon)
Missiles
 e - 169 stones
 f - 11 poisoned darts
Armour
 a - a +0 robe
 j - a +1 pair of gloves (worn)
 q - the +3 leather armour "Ehiteevu" (worn) {Regen+ Int+3}
   (You found it on level 4 of the Dungeon)

   Int:       It affects your intelligence (+3).
   Regen:     It increases your rate of health regeneration.
Magical Staves
 v - a staff of earth
Jewellery
 g - a ring of poison resistance (right hand)
 u - a +4 ring of evasion (left hand)
Wands
 r - a wand of charming (7)
Scrolls
 b - a scroll of blinking
 h - 3 scrolls of vulnerability
 o - a scroll of fear {unknown}
 p - a scroll of amnesia {unknown}
 y - a scroll of fog {unknown}
Potions
 c - 2 potions of haste
 k - a potion of flight
 n - a potion of might {unknown}
 s - a potion of degeneration {unknown}
 t - 2 potions of cancellation
 w - a potion of attraction {unknown}
 x - a potion of curing {unknown}
 z - a potion of magic {unknown}


   Skills:
 + Level 9.7 Dodging
 - Level 2.4 Stealth
 - Level 3.0 Spellcasting
 + Level 2.8 Conjurations
 + Level 9.7 Ice Magic


You had 2 spell levels left.
You knew the following spells:

 Your Spells              Type           Power      Damage    Failure   Level
a - Freeze                Ice            100%       1d11      1%          1
b - Ozocubu's Armour      Ice            53%        N/A       1%          3
c - Frozen Ramparts       Ice            100%       1d12      1%          3
d - Hailstorm             Conj/Ice       36%        3d9       12%         4

Your spell library contained the following spells:

 Spells                   Type           Power      Damage    Failure   Level
 Shock                    Conj/Air       44%        1d5       9%          1
 Beastly Appendage        Tmut           6%         N/A       16%         1
 Wereblood                Tmut           3%         N/A       24%         2
 Conjure Flame            Conj/Fire      11%        6-21      26%         3
 Ignite Poison            Fire/Tmut/Pois 3%         N/A       43%         3
 Spider Form              Tmut/Pois      3%         N/A       43%         3
 Swiftness                Air            3%         N/A       43%         3
 Sticky Flame             Conj/Fire      11%        2d3       65%         4
 Airstrike                Air            1%         N/A       83%         4


Dungeon Overview and Level Annotations

Branches:
Dungeon (7/15)             Temple (1/1) D:4           Sewer (visited)

Altars:
Ashenzari
Cheibriados
Dithmenos
Elyvilon
Fedhas
Gozag
Hepliaklqana
Kikubaaqudgha
Makhleb
Nemelex Xobeh
Okawaru
Qazlal
Ru
Sif Muna
Trog
Uskayaw
Vehumet
Wu Jian
Xom
Yredelemnul
The Shining One

Shops:
D:4 [*

Annotations:
D:3 Grinder
D:7 Harold


Innate Abilities, Weirdness & Mutations

You have sharp toenails.
You passively dampen the noise of your surroundings.


Message History

You puncture the orc!
You kill the orc!
Sif Muna accepts your kill.
No target in view!
No target in view!
Things that are here:
a +0 whip; a +0 leather armour; an orc corpse
e - 169 stones (gained 25) Harold the Weathered comes into view.
He is wielding a +2 trident of protection.
Harold shouts!
Harold gestures at you while chanting.
You barely resist.
Harold hits you from afar with a +2 trident of protection!!
Ouch! That really hurt!
Casting: Freeze (safe; 1% risk of failure)
Confirm with . or Enter, or press ? or * to list all spells.
Casting: Frozen Ramparts (safe; 1% risk of failure)
Press: ? - help, Dir - look around, f - activate The walls around you are covered in ice.
The wall freezes Harold!
Harold hits you from afar with a +2 trident of protection!
* * * LOW HITPOINT WARNING * * *
Unknown command.
Your frozen ramparts will break if you move.
Continue?
Uppercase [Y]es or [N]o only, please.
Your frozen ramparts will break if you move.
Continue?
The frozen ramparts melt away as you move.
Harold points at you and mumbles some strange words.
A sentinel's mark forms upon you.
You feel yourself speed up.
Harold throws a throwing net.
The throwing net hits you.
You become entangled in the net!
You see here a throwing net.
You struggle against the net.
You struggle against the net.
You struggle against the net.
You shred the net and break free!
Harold asks, "Do you mind if I name my boat the 'buriedalive'?
Your head will be paying for it, after all."
Harold hits you from afar with a +2 trident of protection!!
You die...

########
#......#########
#.#.##.#.....@.#
#......#.#####.#
#......#.#####@####
#.#......##.......#
#.#...#..##.##..#.#
#.#.............. #
#.#..##..##.##.##.
##....##..##.##..
.#
#...#.)...........
#


You could see Harold.

Vanquished Creatures
  A cyclops (D:6)
  A steam dragon (D:6)
  A water moccasin (D:6)
  An ice beast (D:6)
  A sky beast (D:5)
  A centaur (D:6)
  A phantom (D:5)
  A gnoll sergeant (D:6)
  4 scorpions
  2 water moccasin zombies (D:6)
  A hound (D:4)
  A bullfrog zombie (D:5)
  A jelly (D:5)
  An orc priest (D:6)
  Jessica (D:2)
  A bullfrog skeleton (D:5)
  An iguana (D:4)
  3 orc wizards (D:5)
  A hell rat (Sewer)
  A hound zombie (D:5)
  3 gnolls (D:6)
  6 adders
  3 river rats (Sewer)
  3 ufetubi (D:5)
  A worm (D:2)
  2 dart slugs (D:1)
  17 orcs
  7 ball pythons
  4 bats
  7 endoplasms
  2 giant cockroaches
  6 goblins
  8 hobgoblins
  4 jackals (D:2)
  3 quokkas
  A frilled lizard (D:3)
  4 kobolds
  13 rats
120 creatures vanquished.

Vanquished Creatures (others)
  An orc (D:6)
1 creature vanquished.

Grand Total: 121 creatures vanquished

Notes
Turn   | Place    | Note
-------+----------+-------------------------------------------
     0 | D:1      | buriedalive the Deep Elf Ice Elementalist began the quest
                  | for the Orb.
     0 | D:1      | Reached XP level 1. HP: 10/10 MP: 6/6
   543 | D:1      | Reached XP level 2. HP: 15/15 MP: 6/8
  1197 | D:1      | Reached skill level 5 in Ice Magic
  1197 | D:1      | Reached XP level 3. HP: 6/19 MP: 4/9
  1375 | D:1      | Learned a level 3 spell: Ozocubu's Armour
  1379 | D:1      | Learned a level 3 spell: Frozen Ramparts
  1500 | D:1      | Found a faded altar of an unknown god.
  1996 | D:2      | Found a shadowy altar of Dithmenos.
  2005 | D:2      | Noticed Jessica
  2011 | D:2      | Killed Jessica
  2070 | D:2      | Reached XP level 4. HP: 24/24 MP: 10/10
  2450 | D:2      | Noticed a scorpion
  2463 | D:2      | Killed a scorpion
  2464 | D:2      | Reached XP level 5. HP: 28/28 MP: 4/11
  3015 | D:3      | Noticed Grinder
  3019 | D:3      | Paralysed by Grinder for 7 turns
  3289 | D:4      | Reached skill level 5 in Dodging
  3419 | D:4      | Found Ompez's Armour Emporium.
  3425 | D:4      | Found a staircase to the Ecumenical Temple.
  3434 | D:4      | Identified the +3 leather armour "Ehiteevu" {Regen+ Int+3}
  3465 | Temple   | Entered the Ecumenical Temple
  3632 | Temple   | Became a worshipper of Sif Muna the Loreminder
  3750 | D:4      | Found a hazy altar of Hepliaklqana.
  4072 | D:4      | Found Axeydwon's General Store.
  4308 | D:5      | Entered Level 5 of the Dungeon
  4405 | D:5      | Found a glowing drain.
  4464 | Sewer    | Entered a sewer
  4545 | Sewer    | Reached XP level 6. HP: 31/32 MP: 5/12
  4733 | D:5      | Reached * piety under Sif Muna
  4993 | D:5      | Noticed a sky beast
  5032 | D:5      | Killed a sky beast
  5033 | D:5      | Reached XP level 7. HP: 21/36 MP: 5/13
  5673 | D:6      | Noticed a steam dragon
  5751 | D:6      | Killed a steam dragon
  5752 | D:6      | Reached XP level 8. HP: 27/41 MP: 6/14
  6279 | D:6      | Learned a level 4 spell: Hailstorm
  6348 | D:6      | Noticed a cyclops
  6370 | D:6      | Killed a cyclops
  6486 | D:6      | Gained mutation: You are resistant to electric shocks.
                  | (rElec) [potion of mutation]
  6487 | D:6      | Lost mutation: You are resistant to electric shocks.
                  | (rElec) [potion of mutation]
  6487 | D:6      | Gained mutation: You passively dampen the noise of your
                  | surroundings. [potion of mutation]
  6487 | D:6      | Gained mutation: You have sharp toenails. [potion of
                  | mutation]
  6721 | D:7      | Noticed Harold
  6734 | D:7      | Mangled by Harold

Illustrated notes

Levels and vault maps discovered:
D:1:      dpeg_arrival_lava_temple_mockup, layout_basic,
          ebering_ecumenical_altar_hall
D:2:      layout_loops_ring, basic_altar, uniq_jessica
D:3:      layout_rooms, old_standard_altar, uniq_grinder
D:4:      layout_loops_cross, nicolae_hepliaklqana_hippocampus,
          minmay_temple_entry_overgrown, serial_shops, shop,
          kennysheep_mini_moat
D:5:      layout_basic, portal_sewer_entry_b, st_stairs_4, minmay_fountain_box
D:6:      layout_basic, minmay_between
D:7:      layout_basic, uniq_harold
Temple:   regret_index_temple_chain_breaker

Skill      XL: |  1  2  3  4  5  6  7  8 |
---------------+-------------------------+-----
Dodging        | 3 4 5 6 8 9 |  9.7
Ice Magic      | 5 6 7 8 9 |  9.7
Conjurations   | 2 |  2.8
Stealth        | |  2.4
Spellcasting   | |  3.0

Action                   |  1- 3 |  4- 6 |  7- 9 || total
-------------------------+-------+-------+-------++-------
Melee: Dagger            |    25 |   178 |   134 ||   337
       Punch             |       |     3 |     6 ||     9
       Kick              |       |       |     4 ||     4
 Cast: Freeze            |    30 |     9 |     7 ||    46
       Frozen Ramparts   |     3 |    16 |     9 ||    28
       Ozocubu's Armour  |       |    12 |     8 ||    20
  Use: Scroll            |     3 |     5 |     1 ||     9
       Potion            |       |     2 |     3 ||     5
 Stab: Distracted        |     1 |       |     1 ||     2
       Sleeping          |     1 |     1 |     3 ||     5
Armor: Robe              |    10 |     5 |       ||    15
       Leather armour    |       |    45 |    37 ||    82
Dodge: Dodged            |    28 |   131 |   129 ||   288
